 Dungeon Crawl Stone Soup version 0.27-a0-808-g60bc5d92e6 (console) character file.

Game seed: 15043861643825266165

13301 jejorda2 the Spear-Bearer (level 12, -8/102 HPs)
             Began as a Merfolk Berserker on Mar 28, 2021.
             Was an Elder of Trog.
             Mangled by an orc knight
             ... wielding a +0 trident
              (18 damage)
             ... in a bailey.
             The game lasted 00:25:10 (9176 turns).

jejorda2 the Spear-Bearer (Merfolk Berserker)       Turns: 9176, Time: 00:25:11

Health: -8/102     AC: 20    Str: 21    XL:     12   Next: 4%
Magic:  0/12       EV:  8    Int:  8    God:    Trog [****..]
Gold:   331        SH:  0    Dex: 19    Spells: 11/11 levels left

rFire    + . .     SeeInvis .   a - +8 lance {slay drac, rPois rF+ rC+ AC+3}
rCold    + + .     Faith    .   (no shield)
rNeg     . . .     Spirit   +   v - +0 plate armour
rPois    +         Reflect  .   x - +1 hat
rElec    +         Harm     .   A - +0 cloak
rCorr    .         Rampage  .   (no gloves)
Will     ++...                  g - +0 pair of boots
Stlth    ..........             f - amulet of Hiorru Muduo {Spirit rElec rC+ Slay+2}
HPRegen  1.27/turn              h - ring of flight
MPRegen  0.13/turn              i - +6 ring of dexterity

@: flying, regenerating
A: (nimble swimmer 2), mertail
a: Renounce Religion, Berserk, Trog's Hand, Brothers in Arms


You were in a bailey.
You worshipped Trog.
Trog was greatly pleased with you.
You visited 1 branch of the dungeon, and saw 10 of its levels.
You also visited: Bailey.

You collected 370 gold pieces.
You spent 39 gold pieces at shops.

Inventory:

Hand Weapons
 a - the +8 lance "Wyrmbane" (weapon) {slay drac, rPois rF+ rC+ AC+3}
   (You acquired it on level 6 of the Dungeon)

   It affects your AC (+3).
   It protects you from fire.
   It protects you from cold.
   It protects you from poison.
Missiles
 o - a throwing net
 q - 2 silver boomerangs (quivered)
 t - a curare-tipped dart
Armour
 g - a +0 pair of boots (worn)
 s - a +0 kite shield
 v - a +0 plate armour (worn)
 x - a +1 hat (worn)
 A - a +0 cloak (worn)
Jewellery
 f - the amulet of Hiorru Muduo (around neck) {Spirit rElec rC+ Slay+2}
   (You acquired it on level 6 of the Dungeon)

   [amulet of guardian spirit]

   It causes incoming damage to be split between your health and magic.
   It affects your accuracy and damage with ranged weapons and melee attacks
   (+2).
   It protects you from cold.
   It insulates you from electricity.
 h - a ring of flight (left hand)
 i - a +6 ring of dexterity (right hand)
 D - a ring of protection from cold
Wands
 e - a wand of iceblast (5)
 m - a wand of flame (16)
 p - a wand of random effects (18)
 y - a wand of mindburst (11)
 C - a wand of paralysis (7)
Scrolls
 k - 2 scrolls of fog
 r - a scroll of fear
 u - 3 scrolls of teleportation
Potions
 b - 5 potions of curing
 c - 2 potions of haste
 d - 2 potions of cancellation
 j - a potion of flight {unknown}
 l - a potion of resistance {unknown}
 n - 2 potions of heal wounds {unknown}
 w - 2 potions of mutation
 z - 2 potions of ambrosia {unknown}
 B - a potion of might {unknown}
Miscellaneous
 E - a phantom mirror


   Skills:
 + Level 11.8 Fighting
 - Level 12.5 Polearms
 + Level 8.3 Armour
 - Level 2.6 Dodging
 + Level 4.2 Shields
 - Level 7.0 Evocations


You had 11 spell levels left.
You didn't know any spells.
Your spell library was empty.

Dungeon Overview and Level Annotations

Branches:
Dungeon (10/15)            Temple (0/1) D:5          Bailey (1/1)
   Lair: D:8-11         Orc: D:9-12

Altars:
Cheibriados
Fedhas
Gozag
Hepliaklqana
Okawaru
The Shining One

Shops:
D:5 !   D:10 !

Annotations:
D:8 3 runed translucent doors, exclusion: 3 doors, bisexualwizard's ghost, novice MiAK


Innate Abilities, Weirdness & Mutations

((You are quick and stealthy near water. (Stealth+, EV+, Speed+++)))
Your lower body shifts to a powerful aquatic tail in water.


Message History

You are too injured to fight recklessly!
You are too injured to fight recklessly!
You are too injured to fight recklessly!
You are too injured to fight recklessly!
You are too injured to fight recklessly!
You are too injured to fight recklessly!
Reach: a) +8 lance {slay drac, rPois rF+ rC+ AC+3}
Press: ? - help, Dir - move target, f - orc
Aim: an orc, wielding a +0 spear and wearing a +0 ring mail (strong, about 20% to evade the +8 lance "Wyrmbane")
You reach to attack!
You impale the orc!!
You kill the orc!
Trog accepts your kill.
You start resting.
Magic restored.
HP restored.
Okay, then.
Unknown command.
Unknown command.
Your skin crawls.
You feel strong-willed.
The orc knight shouts!
The orc knight roars a battlecry!
The orc knight shouts!
You hear a shout!
Items here: $ ) [ ÷.
The orc knight shouts!
You hear a shout!
The orc knight roars a battlecry!
The orc knight goes into a battle-frenzy!
There is an open door here.
The orc knight hits you from afar with a +0 trident!!
The orc knight hits you from afar with a +0 bardiche!!
The orc knight hits you with a +0 trident.
The orc knight hits you from afar with a +0 halberd!!
The orc knight hits you with a +0 bardiche.
* * * LOW HITPOINT WARNING * * *
You puncture the orc knight!
The orc knight is moderately wounded.
The orc knight hits you from afar with a +0 trident!!
* * * LOW HITPOINT WARNING * * *
The orc knight hits you with a +0 trident!!
You die...

##..≈≈≈≈≈≈≈..##
##..≈≈.....≈≈..##
##########..≈≈..###..≈≈..#######
#..........≈≈..## ##..≈≈........
#.≈≈≈≈≈≈≈≈≈≈..##.∩.##..≈≈≈≈≈≈≈≈≈
#.≈........).##.....##.)........
#.≈.#########'###+#############.
#.≈)## ##.........# ##. #.≈).##
#..§@§≈≈≈≈.. ##.) #.≈≈).##
##..§§ooo..≈≈. ##..≈
#∩.≈≈..#'#..§§o.⌠∩⌠..≈≈ #.)≈≈
##.≈≈..#'#..§≈§..⌠...≈≈ #..≈≈
#.≈≈..##.#'.§≈§.....≈≈. ##..≈
#.≈..##...##..§≈≈≈≈≈≈.. ##.)
#.≈.##.....##.........# .$$$.##.
#.≈.#############+##### #######.
#.≈..........## #####..


You could see 4 orc knights.

Vanquished Creatures
  Gastronok (D:9)
  A very ugly thing (D:8)
  Snorg (D:10)
  A two-headed ogre (D:9)
  3 ugly things (D:8)
  Pikel (D:7)
  A manticore (D:10)
  Maggie (D:6)
  A yaktaur (D:10)
  A troll (D:10)
  Grinder (D:4)
  Sigmund (D:2)
  5 yaks (D:8)
  A wyvern (D:9)
  2 humans (D:10)
  A wraith (D:10)
  Menkaure (D:4)
  4 water moccasins
  4 sky beasts
  2 orc warriors
  An ice beast (D:7)
  A hornet zombie (D:8)
  A phantom (D:6)
  An ogre (D:4)
  A centaur (D:8)
  2 kobold brigands
  A gnoll sergeant (D:9)
  3 bullfrogs (D:6)
  2 scorpions
  A wyvern skeleton (D:5)
  21 killer bees
  10 wights
  2 howler monkeys
  2 centaur zombies
  2 bullfrog zombies (D:5)
  2 centaur skeletons
  2 hounds
  A jelly (D:7)
  6 orc priests
  Crazy Yiuf (D:7)
  An iguana (D:5)
  14 orc wizards
  A killer bee zombie (D:8)
  A hound zombie (D:5)
  A hound skeleton (D:5)
  A howler monkey zombie (D:9)
  8 gnolls
  8 adders
  An ufetubus (D:6)
  A worm (D:2)
  4 dart slugs
  35 orcs
  13 ball pythons
  3 endoplasms
  3 giant cockroaches
  3 goblins
  6 hobgoblins
  6 jackals
  9 kobolds
  4 quokkas
  3 bats
  5 frilled lizards
  5 rats
  A spectral hobgoblin (D:3)
234 creatures vanquished.

Vanquished Creatures (collateral kills)
  An unseen horror (D:10)
  An orc warrior (D:10)
  An orc priest (D:6)
3 creatures vanquished.

Vanquished Creatures (others)
  10 fungi (D:9)
  6 toadstools (D:9)
16 creatures vanquished.

Grand Total: 253 creatures vanquished

Notes
Turn   | Place    | Note
-------+----------+-------------------------------------------
     0 | D:1      | jejorda2 the Merfolk Berserker began the quest for the Orb.
     0 | D:1      | Reached XP level 1. HP: 18/18 MP: 1/1
    96 | D:1      | Reached XP level 2. HP: 24/24 MP: 2/2
   208 | D:1      | Reached skill level 5 in Polearms
   541 | D:2      | Reached ** piety under Trog
   553 | D:2      | Reached XP level 3. HP: 18/30 MP: 3/3
  1053 | D:2      | Found an iron altar of Okawaru.
  1059 | D:2      | Noticed Sigmund
  1075 | D:2      | Killed Sigmund
  1076 | D:2      | Reached skill level 7 in Polearms
  1076 | D:2      | Reached XP level 4. HP: 10/38 MP: 4/4
  1076 | D:2      | Reached XP level 5. HP: 11/43 MP: 5/5
  1502 | D:2      | Found a snail-covered altar of Cheibriados.
  1697 | D:3      | You are sucked into a shaft and drop 2 floors!
  1697 | D:5      | Entered Level 5 of the Dungeon
  1697 | D:5      | Noticed a water moccasin
  1709 | D:5      | Killed a water moccasin
  1710 | D:5      | Reached XP level 6. HP: 49/49 MP: 6/6
  1715 | D:5      | Reached skill level 8 in Polearms
  1816 | D:5      | Reached skill level 5 in Fighting
  1824 | D:4      | Reached XP level 7. HP: 53/56 MP: 7/7
  1886 | D:4      | Noticed Grinder
  1901 | D:4      | Killed Grinder
  1902 | D:4      | Reached skill level 9 in Polearms
  2107 | D:5      | Reached *** piety under Trog
  2341 | D:4      | Reached XP level 8. HP: 61/64 MP: 8/8
  2417 | D:3      | Reached skill level 10 in Polearms
  2843 | D:3      | Found a hazy altar of Hepliaklqana.
  3277 | D:4      | Found a blossoming altar of Fedhas.
  3308 | D:4      | Noticed Menkaure
  3319 | D:4      | Killed Menkaure
  3476 | D:5      | Reached skill level 11 in Polearms
  3836 | D:5      | Found Huevvoj's Distillery.
  3852 | D:5      | Bought a potion of curing for 39 gold pieces
  3927 | D:5      | Found a staircase to the Ecumenical Temple.
  4077 | D:6      | Identified 2 scrolls of acquirement
  4077 | D:6      | Acquired a +3 glaive of venom
  4079 | D:6      | Acquired the amulet of Hiorru Muduo {Spirit rElec rC+
                  | Slay+2}
  4203 | D:6      | Reached **** piety under Trog
  4204 | D:6      | Reached XP level 9. HP: 71/71 MP: 9/9
  4227 | D:6      | Found an opulent altar of Gozag.
  4315 | D:6      | Noticed Maggie
  4323 | D:6      | Killed Maggie
  4324 | D:6      | Reached skill level 12 in Polearms
  4775 | D:6      | Acquired the +8 lance "Wyrmbane" {slay drac, rPois rF+ rC+
                  | AC+3}
  4776 | D:6      | Found the +8 lance "Wyrmbane" {slay drac, rPois rF+ rC+
                  | AC+3}
  5099 | D:6      | Reached skill level 5 in Armour
  5381 | D:7      | Reached skill level 1 in Evocations
  5624 | D:7      | Found a runed translucent door.
  5625 | D:7      | Noticed Crazy Yiuf
  5743 | D:7      | Noticed Pikel
  5754 | D:7      | Killed Pikel
  5911 | D:7      | Killed Crazy Yiuf
  5912 | D:7      | Reached XP level 10. HP: 80/80 MP: 10/10
  6134 | D:8      | Reached skill level 5 in Evocations
  6562 | D:8      | Reached ***** piety under Trog
  6987 | D:8      | Found a runed translucent gate.
  6987 | D:8      | Found a runed translucent gate.
  6987 | D:8      | Found a runed translucent gate.
  6987 | D:8      | Noticed a purple ugly thing
  6988 | D:8      | Noticed a brown ugly thing
  6988 | D:8      | Noticed a cyan ugly thing
  6988 | D:8      | Noticed a purple very ugly thing
  7026 | D:8      | Killed a green very ugly thing
  7035 | D:8      | Killed a white ugly thing
  7041 | D:8      | Killed a cyan ugly thing
  7042 | D:8      | Reached skill level 10 in Fighting
  7042 | D:8      | Reached XP level 11. HP: 90/90 MP: 7/11
  7050 | D:8      | Killed a cyan ugly thing
  7088 | D:8      | Found a runed translucent gate.
  7088 | D:8      | Found a runed translucent gate.
  7091 | D:8      | Noticed bisexualwizard's ghost (novice MiAK)
  7092 | D:8      | Found a runed translucent gate.
  7288 | D:9      | Found a glowing golden altar of the Shining One.
  7432 | D:9      | Noticed Gastronok
  7443 | D:9      | Killed Gastronok
  7474 | D:9      | Noticed a two-headed ogre
  7496 | D:9      | Killed a two-headed ogre
  7497 | D:9      | Reached skill level 1 in Shields
  7738 | D:9      | Received a gift from Trog
  8308 | D:10     | Entered Level 10 of the Dungeon
  8340 | D:10     | Found an iron altar of Okawaru.
  8436 | D:10     | Noticed Snorg
  8454 | D:10     | Killed Snorg
  8529 | D:10     | Noticed a tengu warrior
  8536 | D:10     | Noticed a two-headed ogre
  8560 | D:10     | Noticed a manticore
  8588 | D:10     | Killed a manticore
  8589 | D:10     | Reached XP level 12. HP: 66/102 MP: 8/12
  8605 | D:10     | Found Panitzav's Distillery.
  8611 | D:10     | Found a flagged portal.
  8621 | Bailey   | Entered a bailey
  9176 | Bailey   | Mangled by an orc knight

Illustrated notes

Levels and vault maps discovered:
D:1:      tarquinn_simple_flora_water_e, layout_rooms
D:2:      layout_rooms, lemuel_crystal_altar, kennysheep_slug_shrine,
          uniq_sigmund
D:3:      layout_basic, nicolae_hepliaklqana_monster_ancestors,
          small_statue_alley_b
D:4:      layout_basic, fedhas_altar_1, uniq_grinder, uniq_menkaure
D:5:      layout_cave_pools, minmay_temple_entry_hall, serial_shops,
          nicolae_shop_window_shopping
D:6:      layout_loops_corners, grunt_gozag_breadcrumbs, uniq_maggie
D:7:      layout_rooms, uniq_pikel, uniq_crazy_yiuf_cottage
D:8:      layout_basic, ploomutoo_gammafunk_ghost_potion_laboratory
D:9:      layout_loops_ring, minmay_gold_behind_fungi,
          minmay_misc_feat_ornament, lemuel_altar_in_water, uniq_gastronok
D:10:     cheibrodos_fzero, layout_basic, ebering_ghost_xom, enter_bailey_2,
          serial_shops, shop, okawaru_humans, uniq_snorg
Bailey:   bailey_polearm_1, bailey

Skill      XL: |  1  2  3  4  5  6  7  8  9 10 11 |
---------------+----------------------------------+-----
Polearms       | 5 7 8 9 11 12 | 12.5
Fighting       | 4 5 6 8 10 11 | 11.8
Armour         | 2 3 4 5 6 8 |  8.3
Evocations     | 4 7 |  7.0
Shields        | 4 |  4.2
Dodging        | |  2.6

Action                   |  1- 3 |  4- 6 |  7- 9 | 10-12 || total
-------------------------+-------+-------+-------+-------++-------
Melee: Spear             |   111 |    48 |   209 |       ||   368
       Glaive            |       |       |    32 |       ||    32
       Halberd           |       |       |     6 |       ||     6
       Lance             |       |       |    85 |   374 ||   459
Throw: Boomerang         |       |       |     3 |       ||     3
Invok: Berserk           |     2 |     1 |     5 |     4 ||    12
       Trog's Hand       |       |       |     5 |     5 ||    10
       Brothers in Arms  |       |       |       |     1 ||     1
  Use: Scroll            |       |       |    14 |     6 ||    20
 Stab: Distracted        |     1 |       |       |     2 ||     3
Armor: Scale mail        |    40 |    12 |    10 |       ||    62
       Chain mail        |       |       |    62 |       ||    62
       Plate armour      |       |       |    25 |   140 ||   165
       Swamp dragon scal |       |       |     1 |       ||     1
Dodge: Dodged            |    44 |    12 |    55 |    78 ||   189

Table legend: (Time is in decaauts)
 A = Elapsed time spent in this place.
 B = Non-inter-level travel time spent in this place.
 C = Inter-level travel time spent in this place.
 D = Time resting spent in this place.
 E = Time spent auto-exploring this place.
 F = Levels seen in this place.
 G = Mean time per level.
                   A        B        C        D        E       F      G
               +--------+--------+--------+--------+--------+-----+--------+
         Total |   8945 |   8599 |    346 |    917 |   6083 |  11 |  813.2 |
       Dungeon |   8419 |   8073 |    346 |    551 |   5993 |  10 |  841.9 |
        Bailey |    526 |    526 |      0 |    366 |     89 |   1 |  526.0 |
               +--------+--------+--------+--------+--------+-----+--------+

Top non-repeatable levels by time:
     D:6: 1254 daAuts
     D:8: 1245 daAuts
     D:9: 1044 daAuts
     D:5: 911 daAuts
     D:1: 896 daAuts
     D:4: 807 daAuts
     D:2: 777 daAuts
     D:3: 630 daAuts
     D:7: 566 daAuts
  Bailey: 526 daAuts
    D:10: 285 daAuts
